 Dungeon Crawl Stone Soup version 0.23-a0-704-g7fdf9c5 (webtiles) character file.

355 Lanoc the Slasher (level 6, -7/48 HPs)
             Began as a Demonspawn Monk on Jan 14, 2019.
             Mangled by a mummy (8 damage)
             ... in an ossuary.
             The game lasted 00:11:30 (3108 turns).

Lanoc the Slasher (Demonspawn Monk)                 Turns: 3108, Time: 00:11:31

Health: -7/48      AC: 15    Str: 14    XL:     6   Next: 36%
Magic:  0/6        EV:  7    Int: 18    God:
Gold:   173        SH:  0    Dex: 15    Spells: 5/5 levels left

rFire    + . .     SeeInvis .   a - +0 falchion
rCold    . . .     Gourm    .   (no shield)
rNeg     . . .     Faith    .   h - +0 chain mail (curse)
rPois    .         Spirit   +   (no helmet)
rElec    .         Reflect  .   d - +1 cloak
rCorr    .         Harm     .   l - +0 pair of gloves
MR       .....     Clarity  +   (no boots)
Stlth    ..........             g - amulet of guardian spirit
HPRegen  0.16/turn              (no ring)
MPRegen  0.10/turn              (no ring)

@: brilliant
A: slimy green scales 2, clarity, clever 1, fire resistance 1
a: no special abilities


You were in an ossuary.
You were hungry.

You visited 1 branch of the dungeon, and saw 4 of its levels.
You also visited: Ossuary.

You collected 173 gold pieces.

Inventory:

Hand Weapons
 a - a +0 falchion (weapon)
Armour
 d - a +1 cloak (worn)
 h - a cursed +0 chain mail (worn)
 l - a +0 pair of gloves (worn)
Jewellery
 g - an amulet of guardian spirit (around neck)
Scrolls
 k - 4 scrolls of remove curse
 r - a scroll of amnesia
Potions
 e - a potion of magic
Comestibles
 c - 19 rations


   Skills:
 + Level 4.1 Fighting
 * Level 4.4 Long Blades
 + Level 2.5 Armour
 + Level 3.8 Dodging
 - Level 1.7 Stealth


You had 5 spell levels left.
You didn't know any spells.
Your spell library was empty.

Dungeon Overview and Level Annotations

Branches:
Dungeon (4/15)
 Temple: D:4-7

Altars:
Ru
Wu Jian


Innate Abilities, Weirdness & Mutations

You are mostly covered in slimy green scales. (AC +3)
Your flesh is heat resistant. (rF+)
You possess an exceptional clarity of mind.
Your mind is acute. (Int +2)


Message History

You hit the mummy.
The mummy is severely damaged.
You feel yourself slow down.
The big kobold zombie hits you but does no damage.
The centaur zombie hits you but does no damage.
You completely miss the mummy.
The mummy is severely damaged.
The centaur zombie hits you but does no damage.
The mummy hits you!
* * * LOW HITPOINT WARNING * * *
The big kobold zombie closely misses you.
The mummy hits you but does no damage. Magic courses through your body.
The centaur zombie hits you but does no damage.
The big kobold zombie hits you.
Your chain mail prevents you from hitting the mummy.
The mummy is severely damaged.
The centaur zombie hits you but does no damage.
The mummy hits you. The mummy hits you!
You die... ##### ##ZM@## #.ZMZZ#

#..ZZ.#
#.....#
#.....#
#..∩..#
#.....#
#..∩..#
#.....#


You could see 2 mummies, a hobgoblin zombie, 3 big kobold zombies and 2 centaur
zombies.

Vanquished Creatures
  A centaur zombie (Ossuary)
  A gnoll shaman (D:4)
  An orc wizard (D:3)
  A worker ant (D:4)
  A big kobold zombie (Ossuary)
  4 mummies
  3 gnolls (D:4)
  5 adders
  An ooze (D:3)
  2 worms
  3 dart slugs
  4 leopard geckos
  5 orcs (D:3)
  2 giant cockroaches
  7 hobgoblins
  2 jackals (D:2)
  2 quokkas (D:2)
  2 ball pythons (D:3)
  6 bats
  2 frilled lizards
  9 goblins
  2 goblin zombies (D:4)
  2 hobgoblin zombies (Ossuary)
  10 kobolds
  8 rats
86 creatures vanquished.

Notes
Turn   | Place    | Note
-------+----------+-------------------------------------------
     0 | D:1      | Lanoc the Demonspawn Monk began the quest for the Orb.
     0 | D:1      | Reached XP level 1. HP: 18/18 MP: 1/1
    82 | D:1      | Gained mutation: You are partially covered in slimy green
                  | scales. (AC +2) [demonic ancestry]
    82 | D:1      | Reached XP level 2. HP: 14/24 MP: 2/2
   525 | D:1      | Reached skill level 1 in Armour
   658 | D:2      | Gained mutation: Your flesh is heat resistant. (rF+)
                  | [demonic ancestry]
   658 | D:2      | Reached XP level 3. HP: 12/29 MP: 3/3
   993 | D:2      | HP: 1/29 [worm (10)]
  1426 | D:2      | Reached XP level 4. HP: 35/35 MP: 4/4
  2076 | D:3      | Found a sacrificial altar of Ru.
  2169 | D:3      | Gained mutation: You are mostly covered in slimy green
                  | scales. (AC +3) [demonic ancestry]
  2169 | D:3      | Reached XP level 5. HP: 42/42 MP: 5/5
  2646 | D:3      | Found an ornate altar of the Wu Jian Council.
  2860 | D:4      | Found a sand-covered staircase.
  2992 | Ossuary  | Entered an ossuary
  3026 | Ossuary  | Reached XP level 6. HP: 33/48 MP: 3/6
  3051 | Ossuary  | Gained mutation: You possess an exceptional clarity of
                  | mind. [potion of mutation]
  3051 | Ossuary  | Gained mutation: Your mind is acute. (Int +2) [potion of
                  | mutation]
  3106 | Ossuary  | HP: 1/48 [mummy (9)]
  3108 | Ossuary  | Mangled by a mummy

Vault maps used:
D:1:      dpeg_arrival_shrine
D:3:      corexii_shack_village, marbit_many_paths,
          nicolae_ru_great_annihilating_truth, first_ration
D:4:      minmay_temple_entry_slanted, nicolae_ossuary_entry_giza, uniq_duvessa
Ossuary:  ossuary_the_hunt_dpeg

Skill      XL: |  1  2  3  4  5 |
---------------+----------------+-----
Dodging        | 3 |  3.8
Armour         | 1 2 |  2.5
Long Blades    | 3 4 |  4.4
Fighting       | 4 |  4.1
Stealth        | |  1.7

Action                   |  1- 3 |  4- 6 || total
-------------------------+-------+-------++-------
Melee: Falchion          |   112 |   269 ||   381
  Use: Scroll            |     5 |     6 ||    11
       Potion            |       |    13 ||    13
 Stab: Sleeping          |     1 |     3 ||     4
       Paralysed         |       |     2 ||     2
       Invisible         |       |     4 ||     4
  Eat: Chunk             |     1 |     6 ||     7
Armor: Robe              |    42 |    26 ||    68
       Chain mail        |       |   120 ||   120
       Skin              |       |    85 ||    85
Dodge: Dodged            |    66 |   175 ||   241
       Rpst.: Falchion   |    28 |    47 ||    75

Table legend:
 A = Non-vault XP
 B = Vault XP
 C = Vault XP percentage of total XP
 D = Non-vault monster count
 E = Vault monster count
 F = Vault count percentage of total count
                 A         B        C        D         E       F
            +---------+---------+-------+---------+---------+-------
      Total |     285 |     223 |  43.9 |      60 |      26 |  30.2
            +---------+---------+-------+---------+---------+-------
        D:1 |      34 |       0 |   0.0 |      22 |       0 |   0.0
        D:2 |      81 |       0 |   0.0 |      22 |       0 |   0.0
        D:3 |      52 |      74 |  58.7 |      11 |      16 |  59.3
        D:4 |     118 |      20 |  14.5 |       5 |       3 |  37.5
    Ossuary |       0 |     129 | 100.0 |       0 |       7 | 100.0
            +---------+---------+-------+---------+---------+-------
